 Dungeon Crawl Stone Soup version 0.21.1-1-g345015f (webtiles) character file.

2464 Monsterracer the Stinger (level 9, -2/73 HPs)
             Began as a Red Draconian Venom Mage on Feb 12, 2018.
             Was a Follower of Cheibriados.
             Slain by a wolf (3 damage)
             ... led by Grum
             ... on level 7 of the Dungeon.
             The game lasted 00:10:16 (8180 turns).

Monsterracer the Stinger (Red Draconian Venom Mage) Turns: 8180, Time: 00:10:17

Health: -2/73      AC:  9    Str: 14    XL:     9   Next: 26%
Magic:  10/16      EV: 13    Int: 22    God:    Cheibriados [*.....]
Gold:   361        SH:  0    Dex: 14    Spells: 11/17 levels left

rFire    + . .     SeeInvis +     - Unarmed
rCold    . . .     Gourm    .   (no shield)
rNeg     . . .     Faith    .   (armour unavailable)
rPois    .         Spirit   .   (helmet restricted)
rElec    .         Reflect  .   (no cloak)
rCorr    .         Harm     .   l - +0 pair of gloves
MR       .....                  h - +0 pair of boots
Stlth    ++........             a - amulet of regeneration
HPRegen  0.62/turn              k - ring of see invisible
MPRegen  0.15/turn              (no ring)

@: drained, very slow
A: breathe fire, unfitting armour, fire resistance 1, cold-blooded, AC +7
a: Breathe Fire, Bend Time, Renounce Religion


You were on level 7 of the Dungeon.
You worshipped Cheibriados.
Cheibriados was aware of your devotion.
You were not hungry.

You visited 2 branches of the dungeon, and saw 9 of its levels.

You collected 361 gold pieces.

Inventory:

Armour
 h - a +0 pair of boots (worn)
 l - a +0 pair of gloves (worn)
Jewellery
 a - an amulet of regeneration (around neck)
 f - a +2 amulet of reflection
 g - an uncursed amulet of the gourmand {unknown}
 k - a ring of see invisible (left hand)
Wands
 m - a wand of polymorph (21)
 n - a wand of paralysis (20)
 o - a wand of iceblast (8)
Scrolls
 d - 5 scrolls of teleportation
 e - a scroll of identify
 p - 2 scrolls of remove curse
 s - 2 scrolls of enchant weapon {unknown}
 t - a scroll of fear {!r}
Potions
 b - a potion of flight
 i - 3 potions of curing
 j - 2 potions of agility
 q - 2 potions of magic
 r - 2 potions of brilliance
Books
 u - a book of Power

   Spells                             Type                      Level
   a - Iskenderun's Battlesphere      Conjuration/Charms           5
   b - Venom Bolt                     Conjuration/Poison           5
   c - Bolt of Magma                  Conjuration/Fire/Earth       5
   d - Iron Shot                      Conjuration/Earth            6
   e - Orb of Destruction             Conjuration                  7
   f - Spellforged Servitor           Conjuration/Summoning        7
Comestibles
 c - 10 rations
 v - 6 chunks of flesh


   Skills:
 + Level 4.9(4.2) Fighting
 + Level 3.9(3.2) Dodging
 - Level 1.7(1.1) Stealth
 * Level 6.6(5.8) Unarmed Combat
 + Level 4.7(4.0) Spellcasting
   Level 1.0(0.3) Conjurations
 * Level 7.4(6.6) Poison Magic
 + Level 2.3(1.6) Invocations


You had 11 spell levels left.
You knew the following spells:

 Your Spells              Type           Power        Failure   Level  Hunger
a - Poisonous Vapours     Pois/Air       ###...       4%          2    #......
c - Olgreb's Toxic Radia  Pois           ####....     7%          4    ####...


Dungeon Overview and Level Annotations

Branches:
Dungeon (8/15)             Temple (1/1) D:6
   Lair: D:8-11

Altars:
Ashenzari
Cheibriados
Dithmenos
Elyvilon
Gozag
Nemelex Xobeh
Okawaru
Qazlal
Ru
Sif Muna
Uskayaw
Wu Jian
Xom
Yredelemnul
Zin
The Shining One
Jiyva

Shops:
D:7 (

Annotations:
D:8 Grum; Lapis's ghost, novice NaEE


Innate Abilities, Weirdness & Mutations

You can breathe blasts of fire.
Your fiery red scales are hard. (AC +7)
You cannot fit into any form of body armour.
Your flesh is heat resistant. (rF+)
You are cold-blooded and may be slowed by cold attacks.


Message History

The wolf closely misses you.
You take 7 damage, and have 42/73 hp.
You hit the wolf.
Your tail-slap misses the wolf.
The wolf is almost dead.
You kill the wolf!
Cheibriados appreciates the change of pace.
The wolf bites you.
You take 2 damage, and have 40/73 hp.
You closely miss the wolf.
Your tail-slap misses the wolf.
The wolf is almost dead.
You kill the wolf!
Cheibriados thoroughly appreciates the change of pace.
You see here a wolf corpse.
You butcher the wolf corpse.
v - 3 chunks of flesh You see here a wolf corpse.
You butcher the wolf corpse.
v - 7 chunks of flesh (gained 4)
You regained 2 hp, and now have 45/73 hp.
You see here a wolf corpse.
There is a stone staircase leading down, spattered with blood here.
You start resting.
Eating one of 7 chunks of flesh.
You eat one of the 7 chunks of flesh.
This raw flesh tastes terrible.
Magic restored.
You regained 26 hp, and now have 72/73 hp.
MP restored: 16 You start resting.
HP restored.
Health restored: 73
Casting: Olgreb's Toxic Radiance
Confirm with . or Enter, or press ? or * to list all spells.
You can't see any susceptible monsters within range! (Use Z to cast anyway.)
Casting: Olgreb's Toxic Radiance
Confirm with . or Enter, or press ? or * to list all spells.
You can't see any susceptible monsters within range! (Use Z to cast anyway.)
You climb downwards.
Level annotation: Grum; Lapis's ghost, novice NaEE The wolf bites you.
Grum hits you from afar with a halberd! Lapis's ghost hits you.
The wolf bites you. Lapis's ghost hits you!
Grum hits you from afar with a halberd.
* * * LOW HITPOINT WARNING * * *
There is a stone staircase leading up, spattered with blood here.
You take 39 damage, and have 34/73 hp.
MASSIVE DAMAGE!!
The wolf bites you but does no damage. x2
Lapis's ghost casts a spell at you.
The wall shatters!
The blast of rock fragments hits you!
* * * LOW HITPOINT WARNING * * *
Grum barely misses you.
You climb upwards.
There is a stone staircase leading down, spattered with blood here.
Unknown command.
Unknown command.
Unknown command.
You take 3 damage, and have 31/73 hp.
Casting: Olgreb's Toxic Radiance
Confirm with . or Enter, or press ? or * to list all spells.
Aiming: Poisonous Vapours
Press: ? - help, Dir - move target cursor, f - wolf
Aim: a wolf Poisonous vapours surround the wolf!
The wolf is poisoned.
The wolf bites you!
* * * LOW HITPOINT WARNING * * *
The wolf is engulfed in poison gas.
The wolf looks even sicker.
The wolf bites you.
* * * LOW HITPOINT WARNING * * *
You take 11 damage, and have 20/73 hp.
You now have 14/16 mp.
Casting: Poisonous Vapours
Confirm with . or Enter, or press ? or * to list all spells.
Aiming: Poisonous Vapours
Press: ? - help, Dir - move target cursor, f/p - wolf
Aim: a wolf (lightly wounded, poisoned) Poisonous vapours surround the wolf!
The wolf is engulfed in poison gas.
The wolf looks even sicker.
The wolf misses you.
You now have 12/16 mp.
Casting: Poisonous Vapours
Confirm with . or Enter, or press ? or * to list all spells.
Aiming: Poisonous Vapours
Press: ? - help, Dir - move target cursor, f/p - wolf
Aim: a wolf (heavily wounded, poisoned) Poisonous vapours surround the wolf!
The wolf looks as sick as possible!
The wolf barely misses you.
The wolf looks as sick as possible!
The wolf bites you.
* * * LOW HITPOINT WARNING * * *
You take 5 damage, and have 15/73 hp.
You now have 10/16 mp.
You closely miss the wolf.
Your tail-slap misses the wolf.
The wolf is severely wounded.
The wolf bites you.
* * * LOW HITPOINT WARNING * * *
You take 1 damage, and have 14/73 hp.
You closely miss the wolf.
Your tail-slap misses the wolf.
The wolf is severely wounded.
The wolf bites you!
* * * LOW HITPOINT WARNING * * *
The wolf bites you but does no damage.
You take 9 damage, and have 5/73 hp.
You barely miss the wolf.
Your tail-slap misses the wolf.
The wolf is severely wounded.
The wolf bites you.
* * * LOW HITPOINT WARNING * * *
The wolf bites you.
You die...

#....# #. #....# #. #....# #>
###########....######## #.
#..........#'##.......# ##
#..........'..#.......#
#..........#..#.......#
#..........####.......#######
#####......h@####'##.........
#........#.....#>........
#........#.....#.........
#####........#####.#...<.....
#......######....#.###....##+
#......# #....#...#....'..
#......# #....'...#....#..
#......# #....#...#....###
######## #....#...#.......


You could see a wolf.

Vanquished Creatures
  Sigmund (D:3)
  2 sky beasts
  An orc warrior (D:6)
  An ice beast (D:6)
  3 ogres
  3 wolves (D:7)
  2 bullfrogs
  2 scorpions
  3 killer bees (D:7)
  4 wights (D:7)
  2 howler monkeys (D:7)
  A bullfrog zombie (D:6)
  A centaur zombie (D:6)
  A crimson imp (D:7)
  3 hounds
  4 orc priests
  A gnoll shaman (D:5)
  7 orc wizards
  A worker ant (D:6)
  Robin (D:3)
  10 gnolls
  5 adders
  A shadow imp (D:7)
  2 oozes
  3 worms (D:2)
  2 dart slugs
  4 leopard geckos
  22 orcs
  A ball python (D:3)
  7 bats
  5 giant cockroaches
  17 goblins
  7 hobgoblins
  3 jackals (D:2)
  7 kobolds
  2 quokkas (D:6)
  7 frilled lizards
  A jackal skeleton (D:4)
  A quokka zombie (D:7)
  A rat (D:2)
152 creatures vanquished.

Vanquished Creatures (others)
  A kobold (D:3)
1 creature vanquished.

Grand Total: 153 creatures vanquished

Notes
Turn   | Place    | Note
-------+----------+-------------------------------------------
     0 | D:1      | Monsterracer the Draconian Venom Mage began the quest for the Orb.
     0 | D:1      | Reached XP level 1. HP: 14/14 MP: 3/3
   362 | D:1      | HP: 7/14 [ooze (1)]
   367 | D:1      | HP: 5/14 [ooze (1)]
   369 | D:1      | Reached skill level 1 in Unarmed Combat
   369 | D:1      | Reached XP level 2. HP: 8/20 MP: 1/5
   373 | D:1      | Learned a level 2 spell: Poisonous Vapours
  1236 | D:2      | HP: 9/20 [worm (8)]
  1249 | D:2      | HP: 1/20 [worm (6)]
  1632 | D:2      | Reached XP level 3. HP: 22/27 MP: 1/6
  1737 | D:2      | Found an iron altar of Okawaru.
  1887 | D:2      | HP: 13/27 [adder (1)]
  1888 | D:2      | Reached skill level 1 in Fighting
  1892 | D:2      | HP: 11/28 [poisoned by an adder]
  1897 | D:2      | HP: 10/28 [poisoned by an adder]
  1904 | D:2      | HP: 8/28 [poisoned by an adder]
  1912 | D:2      | HP: 7/28 [poisoned by an adder]
  2155 | D:2      | Found an opulent altar of Gozag.
  2189 | D:2      | Reached XP level 4. HP: 35/35 MP: 0/7
  2406 | D:2      | Learned a level 4 spell: Olgreb's Toxic Radiance
  3219 | D:3      | Reached skill level 4 in Poison Magic
  3689 | D:3      | HP: 16/35 [orc wizard/magic dart (7)]
  3691 | D:3      | HP: 6/35 [orc wizard/puff of flame (7)]
  3692 | D:3      | Reached XP level 5. HP: 7/40 MP: 3/9
  3697 | D:3      | Noticed Robin
  3739 | D:3      | Killed Robin
  4096 | D:3      | Noticed Sigmund
  4112 | D:3      | Killed Sigmund
  4112 | D:3      | Reached XP level 6. HP: 36/50 MP: 1/10
  4138 | D:3      | HP: 25/50 [poisoned by Sigmund]
  4146 | D:3      | HP: 25/50 [poisoned by Sigmund]
  4632 | D:4      | Reached skill level 5 in Poison Magic
  4727 | D:4      | Your scales start taking on a fiery red colour.
  4727 | D:4      | Reached XP level 7. HP: 39/56 MP: 1/12
  4727 | D:4      | Gained mutation: Your flesh is heat resistant. (rF+) [Red Draconian growth]
  4854 | D:4      | Found a sacrificial altar of Ru.
  4866 | D:4      | Became a worshipper of Ru the Awakened
  4984 | D:4      | Found a sparkling altar of Nemelex Xobeh.
  5241 | D:4      | Found a deep blue altar of Sif Muna.
  5241 | D:4      | Found a white marble altar of Elyvilon.
  5509 | D:5      | Entered Level 5 of the Dungeon
  5725 | D:5      | Found a hide-covered altar of Uskayaw.
  5906 | D:5      | Noticed a fire elemental
  5914 | D:5      | Found a stormy altar of Qazlal.
  5917 | D:5      | HP: 26/57 [ogre/giant spiked club (31)]
  6016 | D:5      | Noticed an air elemental
  6021 | D:5      | Noticed a water elemental
  6037 | D:5      | Reached skill level 5 in Unarmed Combat
  6037 | D:5      | Reached skill level 6 in Poison Magic
  6037 | D:5      | Reached XP level 8. HP: 66/66 MP: 8/13
  6195 | D:6      | Fell from the grace of Ru
  6452 | D:6      | Found a staircase to the Ecumenical Temple.
  6463 | Temple   | Entered the Ecumenical Temple
  6481 | Temple   | Became a worshipper of Cheibriados the Contemplative
  6842 | D:6      | HP: 33/66 [orc warrior/long sword (8)]
  6852 | D:6      | Reached skill level 1 in Invocations
  7059 | D:7      | Reached * piety under Cheibriados
  7382 | D:7      | Reached skill level 7 in Poison Magic
  7480 | D:7      | Reached XP level 9. HP: 72/72 MP: 10/15
  7546 | D:7      | Found a glowing silver altar of Zin.
  7645 | D:7      | HP: 33/72 [wight/trident of freezing (6)]
  7646 | D:7      | HP: 16/72 [wight/trident of freezing (5)]
  7647 | D:7      | HP: 5/72 [wight/enchanted morningstar (8)]
  7647 | D:7      | HP: 1/72 [wight/enchanted morningstar (4)]
  7777 | D:7      | Found Gitocaw's Weapon Shoppe.
  8109 | D:8      | Noticed Grum
  8109 | D:8      | Noticed Lapis's ghost (novice NaEE)
  8172 | D:8      | HP: 34/73 [Grum/halberd (6)]
  8177 | D:7      | HP: 15/73 [wolf[Grum] (6)]
  8179 | D:7      | HP: 5/73 [wolf[Grum] (10)]
  8180 | D:7      | HP: 1/73 [wolf[Grum] (5)]
  8180 | D:7      | Slain by a wolf

Skill      XL: |  1  2  3  4  5  6  7  8  9 |
---------------+----------------------------+-----
Unarmed Combat | 1 2 3 4 5 6 |  6.6
Fighting       | 1 2 3 4 |  4.9
Poison Magic   | 4 5 6 7 |  7.4
Spellcasting   | 3 4 |  4.7
Dodging        | 2 3 |  3.9
Invocations    | 1 2 |  2.3
Stealth        | |  1.7
Conjurations   | |  1.0

Action                   |  1- 3 |  4- 6 |  7- 9 || total
-------------------------+-------+-------+-------++-------
Melee: Unarmed           |    90 |    83 |   267 ||   440
       Tailslap          |     9 |     8 |    28 ||    45
       Punch             |       |       |     5 ||     5
 Cast: Sting             |    42 |    33 |       ||    75
       Poisonous Vapours |     5 |    21 |    13 ||    39
       Olgreb's Toxic Ra |       |     3 |    17 ||    20
Invok: Renounce Religion |       |       |     1 ||     1
 Abil: Breathe Fire      |       |       |     6 ||     6
  Use: Scroll            |       |     5 |     8 ||    13
       Potion            |       |       |     1 ||     1
 Stab: Sleeping          |     1 |     2 |     2 ||     5
  Eat: Chunk             |     1 |     8 |    13 ||    22
       Ration            |     1 |     1 |       ||     2
Armor: Skin              |    29 |    24 |    73 ||   126
Dodge: Dodged            |    54 |    48 |   140 ||   242
Block: Other             |       |     8 |       ||     8
       Reflection        |       |     1 |       ||     1

Vault maps used:
D:1:      dpeg_arrival_chase, hangedman_decor_opposing
D:2:      okawaru_trees_2, grunt_gozag_breadcrumbs
D:3:      first_ration, fountainhead, uniq_sigmund, uniq_robin
D:4:      lemuel_doored_altar, nicolae_ru_awakened_eye,
          gammafunk_temple_overflow_elements
D:5:      nicolae_qazlal_style_of_elements, eat_drink_and_be_merry_uskayaw
D:6:      minmay_temple_entry_water_ring
D:7:      lemuel_crystal_altar, serial_shops, shop
D:8:      kennysheep_mini_moat, basic_altar, kennysheep_boxes, uniq_maurice,
          uniq_grum
Temple:   pf_slime_end_temple
